[Event "Early-Titled-Tuesday-Blitz-March-19-2024"]
[Site "Chess.com"]
[Date "2024.03.19"]
[Round "9"]
[White "Dewarfd"]
[Black "maurovargas01"]
[Result "1-0"]
[WhiteElo "2084"]
[BlackElo "1822"]
[TimeControl "180+1"]
[EndTime "9:44:58 PDT"]
[Termination "Dewarfd won on time"]

1. c4 e5 2. g3 Nc6 3. Bg2 f5 4. Nc3 Nf6 5. e3 Bb4 6. Nge2 O-O 7. O-O a5 8. a3 Bxc3 9. bxc3 Ne7 10. d4 e4 11. c5 c6 12. a4 Ned5 13. Rb1 g5 14. Bd2 Qe8 15. c4 Ne7 16. Nc3 Ng6 17. d5 f4 18.
exf4 gxf4 19. Bxf4 Nxf4 20. gxf4 Qg6 21. Kh1 Kh8 22. Qd4 Qh6 23. Nxe4 Qxf4 24. Qe3 Qe5 25.
Nxf6 Qxf6 26. Rbe1 d6 27. dxc6 bxc6 28. Bxc6 Rb8 29.
cxd6 Bf5 30. Qe5 Qxe5 31. Rxe5 Rb3 32. Bd5 Bh3 33. Rg1 h6 34. c5 1-0

[Event "Early-Titled-Tuesday-Blitz-March-19-2024"]
[Site "Chess.com"]
[Date "2024.03.19"]
[Round "9"]
[White "Oleksandr_Bortnyk"]
[Black "Binary010"]
[Result "1/2-1/2"]
[WhiteElo "3054"]
[BlackElo "2866"]
[TimeControl "180+1"]
[EndTime "9:44:59 PDT"]
[Termination "Game drawn by repetition"]

1. e4 e5 2. Bc4 Nf6 3. d3 Nc6 4. Nc3 Bb4 5. Bd2 O-O 6. Nge2 d6 7. h3 Na5 8. O-O Nxc4 9. dxc4 h6 10. a3 Bc5 11. b4 Bb6 12. Ng3 a5 13. Na4 Bd4 14. c3 Ba7 15. Qf3 Bd7 16. Nb2 axb4 17.
axb4 b5 18. cxb5 Bxb5 19. Rfd1 Bc6 20. Be3 Bxe3 21. Qxe3 Qd7 22. c4 Qe6 23. b5 Bb7 24. f3 Nd7 25. Nf5 Nc5 26. Rxa8 Rxa8 27. b6 Ra2 28. bxc7 Rxb2 29. Rxd6 Qxc4 30. Nxh6+ gxh6 31. Qxh6 Rxg2+ 32. Kxg2 Qe2+ 33. Kg3 Nxe4+ 34. fxe4 Qe1+ 35. Kg4 Qxe4+ 36. Kh5 Qf3+ 37. Kh4 Qf2+ 38. Kh5 Qf3+ 39. Kh4 Qf2+ 40. Kh5 Qf3+ 1/2-1/2

[Event "Early-Titled-Tuesday-Blitz-March-19-2024"]
[Site "Chess.com"]
[Date "2024.03.19"]
[Round "9"]
[White "vasblesk"]
[Black "rhungaski"]
[Result "1-0"]
[WhiteElo "2777"]
[BlackElo "2605"]
[TimeControl "180+1"]
[EndTime "9:45:01 PDT"]
[Termination "vasblesk won by resignation"]

1. d4 Nf6 2. c4 e5 3. dxe5 Ng4 4.
Bf4 Nc6 5. Nf3 Bb4+ 6. Nc3 Bxc3+ 7. bxc3 Qe7 8. Qd5 f6 9. exf6 Nxf6 10. Qd2 d6 11. e3 Ne4 12. Qc2 O-O 13. Bd3 Rxf4 14. exf4 Ng3+ 15. Kd2 Nxh1 16. Bxh7+ Kh8 17. Rxh1 Bg4 18.
Ng5 Re8 19. Bg6 Qf6 20. Bxe8 Qxf4+ 21. Ke1 Qxg5 22. Bxc6 bxc6 23. Kf1 Be6 24. h4 Bxc4+ 25. Kg1 Qd5 26. Rh3 Bxa2 27. Re3 Qf7 28. Qa4 Bd5 29.
Qxa7 Qf4 30. Qd4 Qf5 31. Rg3 Qf7 32. h5 Kh7 33. Qd3+ Kh8 34. Qg6 Qe7 35. h6 Be4 36.
Qxg7+ Qxg7 37. Rxg7 1-0

[Event "Early-Titled-Tuesday-Blitz-March-19-2024"]
[Site "Chess.com"]
[Date "2024.03.19"]
[Round "9"]
[White "Likvidator228"]
[Black "VladimirBugayev"]
[Result "1-0"]
[WhiteElo "2586"]
[BlackElo "2356"]
[TimeControl "180+1"]
[EndTime "9:45:01 PDT"]
[Termination "Likvidator228 won by resignation"]

1. d4 Nf6 2. c4 c5 3. d5 b5 4. cxb5 a6 5. bxa6 Bxa6 6. Nc3 g6 7. e4 Bxf1 8. Kxf1 d6 9. Nf3 Bg7 10. g3 O-O 11. Kg2 Qb6 12. a4 Na6 13. Re1 Nd7 14. Ra3 Nc7 15. Qe2 e6 16. Qc4 Rfb8 17.
dxe6 Nxe6 18. Nd5 Qa6 19. b3 Qxc4 20. bxc4 Nb6 21. Nxb6 Rxb6 22. Bd2 Rb2 23. a5 Nd4 24. Nxd4 cxd4 25. Bf4 Ra6 26. e5 dxe5 27. Bxe5 Bxe5 28.
Rxe5 Rf6 29. Rf3 Rd6 30. Re8+ Kg7 31. Re7 d3 32. Rfxf7+ Kg8 33. Rd7 Rxd7 34. Rxd7 d2 35. a6 Ra2 36. a7 Rxa7 37. Rxd2 Rc7 38. Rc2 Kf7 39. c5 Ke6 40. Kf3 Kd5 41. Kg4 h6 42. f4 Rc6 43. h4 Ke6 44. h5 Kf6 45. hxg6 Kxg6 46. Kf3 Kf5 47. g4+ Kf6 48. Ke4 Ke6 49.
f5+ Kf6 50. Kd5 Rc8 51. c6 Kg5 52. Rc4 h5 53. gxh5 Kxf5 54. Kd6 Kg5 55. Kd7 Rh8 56.
c7 Rh7+ 57. Ke6 1-0

[Event "Early-Titled-Tuesday-Blitz-March-19-2024"]
[Site "Chess.com"]
[Date "2024.03.19"]
[Round "9"]
[White "Kaissa10"]
[Black "Predator0608"]
[Result "0-1"]
[WhiteElo "2301"]
[BlackElo "2541"]
[TimeControl "180+1"]
[EndTime "9:45:02 PDT"]
[Termination "Predator0608 won by resignation"]

1. e4 a6 2. d4 b6 3. Nc3 Bb7 4. Nf3 g6 5. Be3 Bg7 6. Bd3 e6 7.
O-O Ne7 8. Qd2 O-O 9. Bh6 f5 10. Bxg7 Kxg7 11. Rae1 b5 12. a3 fxe4 13. Bxe4 Bxe4 14.
Nxe4 Nf5 15. d5 exd5 16. Qxd5 Nc6 17. Rd1 Rf7 18. Nc5 Nd6 19. Ng5 Re7 20. Nge6+ dxe6 21. Nxe6+ Rxe6 22. Qxe6 Qe7 23. Qd5 Qd7 24. Rd3 Re8 25.
Rf3 Ne5 26. Re3 Nec4 27. Rf3 Qe6 28. Qd4+ Qe5 29. Qxe5+ Rxe5 30. Rc3 Ne4 31. Rd3 Nc5 32. Rc3 Nxb2 33. f4 Rd5 34. Re1 Nc4 35. Re7+ Kf6 36. Rxc7 Rd1+ 37. Kf2 Ne4+ 0-1

[Event "Early-Titled-Tuesday-Blitz-March-19-2024"]
[Site "Chess.com"]
[Date "2024.03.19"]
[Round "9"]
[White "chess94cu"]
[Black "cthulhuuu"]
[Result "1/2-1/2"]
[WhiteElo "2634"]
[BlackElo "2408"]
[TimeControl "180+1"]
[EndTime "9:45:03 PDT"]
[Termination "Game drawn - insufficient material"]

1. d4 Nf6 2. c4 e5 3. dxe5 Ng4 4. Nf3 Bc5 5. e3 Nc6 6. Nc3 O-O 7. Be2 Re8 8. a3 a5 9. h3 Ngxe5 10. O-O Nxf3+ 11. Bxf3 Ne5 12. Be2 Ra6 13. Ne4 Ba7 14. Ng3 Rg6 15. Bd2 d6 16. b4 Qh4 17. Be1 Bxh3 18.
gxh3 Qxh3 19. Bf3 Rxg3+ 20. fxg3 Bxe3+ 21. Rf2 Qxg3+ 22. Kf1 Bxf2 23. Bxf2 Qxf3 24. Qxf3 Nxf3 25. Kg2 Nd2 26. Rc1 axb4 27. axb4 h5 28. c5 d5 29. c6 b6 30. Bg3 Re2+ 31. Kh3 Re7 32. Rd1 Ne4 33. Rxd5 Nxg3 34. Rd8+ Kh7 35. Kxg3 Re6 36. b5 Re5 37. Rd7 Rxb5 38. Rxf7 Rc5 39. Rxc7 b5 40.
Kf4 b4 41. Ke4 b3 42. Kd4 Rb5 43. Rb7 Ra5 44. c7 Ra8 45. Rxb3 Rc8 46. Rc3 Kh6 47. Ke5 g5 48. Rc6+ Kg7 49. Ke6 g4 50. Kd7 Rxc7+ 51. Kxc7 g3 52. Kd6 h4 53. Rc4 Kf6 54. Rxh4 Kf5 55.
Rh8 Kf4 56. Rf8+ Ke3 57. Ke5 g2 58. Rg8 Kf2 59. Rf8+ Ke2 60. Rg8 Kf2 61. Kf4 g1=Q 62. Rxg1 Kxg1 1/2-1/2

[Event "Early-Titled-Tuesday-Blitz-March-19-2024"]
[Site "Chess.com"]
[Date "2024.03.19"]
[Round "9"]
[White "Zavgorodniy_Sergiy"]
[Black "KhazhatulyAlikhan"]
[Result "1/2-1/2"]
[WhiteElo "2614"]
[BlackElo "2475"]
[TimeControl "180+1"]
[EndTime "9:45:03 PDT"]
[Termination "Game drawn by repetition"]

1. d4 d5 2. c4 e6 3. Nf3 Nf6 4. e3 Be7 5. Nbd2 O-O 6. Bd3 b6 7. O-O Bb7 8. Qe2 Nbd7 9. e4 dxe4 10. Nxe4 Nxe4 11. Bxe4 Bxe4 12. Qxe4 c5 13. Rd1 cxd4 14. Nxd4 Nf6 15. Qe2 Qc7 16. b3 Rfd8 17. Bb2 Rd7 18. Rd3 Rad8 19. Rad1 Qb7 20. Kf1 Kf8 21. a4 Bc5 22.
Nf3 Rxd3 23. Rxd3 Rxd3 24. Qxd3 Qd7 25. Qxd7 Nxd7 26. Ne5 Nxe5 27. Bxe5 f6 28. Bc3 a5 29. Ke2 Ke7 30. f3 e5 31. Kd3 Ke6 32. g4 g6 33.
h3 f5 34. Bd2 h5 35. Bg5 Kd6 36. Bh4 Ke6 37. Bd8 Kd6 38. Bf6 Ke6 39. Bg7 hxg4 40.
hxg4 e4+ 41. Ke2 fxg4 42. fxg4 Kd6 43. Bc3 Ke6 44. Bb2 Kd6 45. Ba1 Ke6 46. Bg7 Kd6 47. Bh8 Ke6 48. Kd2 Kd6 49. Bg7 Ke6 50. Bb2 Kd6 51. Ke2 Ke6 52. Ba1 Kd6 53. Bc3 Ke6 54. Bg7 1/2-1/2

[Event "Early-Titled-Tuesday-Blitz-March-19-2024"]
[Site "Chess.com"]
[Date "2024.03.19"]
[Round "9"]
[White "GMAneta"]
[Black "tusplingher"]
[Result "0-1"]
[WhiteElo "2631"]
[BlackElo "2488"]
[TimeControl "180+1"]
[EndTime "9:45:03 PDT"]
[Termination "tusplingher won on time"]

1. d4 Nf6 2. Nf3 e6 3. c4 Bb4+ 4. Bd2 Qe7 5. g3 Bxd2+ 6. Nbxd2 d6 7. Bg2 O-O 8. O-O e5 9. e4 Bg4 10. Qb3 c5 11. d5 Bxf3 12. Qxf3 Na6 13. a3 Rab8 14.
Qe2 Qd7 15. f4 Rfe8 16. f5 b5 17. cxb5 Rxb5 18. Nc4 Reb8 19. Rab1 Nc7 20. g4 h6 21. h4 Nh7 22. Qe3 Qe7 23. Qg3 Rb3 24. Rf3 Rxf3 25. Bxf3 Nb5 26. Bd1 Nd4 27. Kg2 Nf6 28. Qe3 Nd7 29.
g5 hxg5 30. hxg5 Nb6 31. Be2 Nxe2 32. Qxe2 Qxg5+ 33. Kh3 Nxc4 34. Qxc4 Qe3+ 35. Kg2 Rb3 0-1

[Event "Early-Titled-Tuesday-Blitz-March-19-2024"]
[Site "Chess.com"]
[Date "2024.03.19"]
[Round "9"]
[White "carloseduar100"]
[Black "BashiqChess"]
[Result "0-1"]
[WhiteElo "2258"]
[BlackElo "2444"]
[TimeControl "180+1"]
[EndTime "9:45:04 PDT"]
[Termination "BashiqChess won by resignation"]

1. e4 c5 2. Nf3 g6 3. g3 Bg7 4. Bg2 Nc6 5. O-O d6 6. d3 e5 7. Nbd2 Nge7 8. c3 O-O 9. Re1 h6 10. Nf1 f5 11. exf5 Bxf5 12. Be3 Kh7 13. d4 cxd4 14. cxd4 Bg4 15. dxe5 Nxe5 16. N1d2 Qd7 17. Bf4 Nd3 18. Re4 Nxf4 19. gxf4 d5 20. Rb4 Nc6 21.
Ra4 b5 22. Ra6 Qb7 23. Ra3 Bxb2 24. Rb3 Bxa1 25. Qxa1 Qg7 26. Qxg7+ Kxg7 27. Rxb5 Rab8 28. Rxd5 Rxf4 29. h3 Bxf3 30. Nxf3 Rf7 31. Rd6 Rb6 32. Nh4 Ne5 33. Rd2 g5 34. Rd5 Re6 35. Rxe5 Rxe5 36. Nf3 Rxf3 37. Bxf3 Ra5 38. Kg2 Rxa2 39. Bd5 Rd2 40.
Kf3 Rxd5 0-1

[Event "Early-Titled-Tuesday-Blitz-March-19-2024"]
[Site "Chess.com"]
[Date "2024.03.19"]
[Round "9"]
[White "Gryffindorac8"]
[Black "Bauman_Guy"]
[Result "0-1"]
[WhiteElo "2434"]
[BlackElo "2933"]
[TimeControl "180+1"]
[EndTime "9:45:05 PDT"]
[Termination "Bauman_Guy won by resignation"]

1. d4 Nf6 2. c4 e6 3. Nf3 d5 4.
g3 dxc4 5. Bg2 Bb4+ 6. Bd2 c5 7. O-O O-O 8. Qc2 Nc6 9. dxc5 Bxc5 10. Qxc4 Bb6 11. Bg5 h6 12. Bxf6 Qxf6 13. Nc3 Rd8 14. Rad1 Bd7 15. Rd2 Na5 16. Qb4 Bc6 17. Rfd1 Rxd2 18.
Rxd2 Rd8 19. Rxd8+ Qxd8 20. Ne5 Bxg2 21. Kxg2 Qc7 22.
Qb5 Kh7 23. h4 f6 24. Qd3+ f5 25. Nf3 Nc4 26. Nb5 Qc5 27. Nbd4 Qd5 28. b3 Ne5 29. Qc3 Bxd4 30. Qxd4 Nxf3 31. Qxd5 Nxh4+ 32. gxh4 exd5 33. Kf3 Kg6 34. Kf4 Kf6 35. h5 g6 36.
hxg6 Kxg6 37. f3 h5 38. e3 h4 39. a3 Kf6 40. b4 b5 0-1

[Event "Early-Titled-Tuesday-Blitz-March-19-2024"]
[Site "Chess.com"]
[Date "2024.03.19"]
[Round "9"]
[White "xasid81"]
[Black "arnash_bauyrzhan"]
[Result "1-0"]
[WhiteElo "2593"]
[BlackElo "2373"]
[TimeControl "180+1"]
[EndTime "9:45:05 PDT"]
[Termination "xasid81 won on time"]

1. e4 c5 2. Nf3 e6 3. c3 d5 4. exd5 exd5 5. d4 Nc6 6. Be3 cxd4 7.
Nxd4 Bd6 8. Be2 Nf6 9. Nd2 O-O 10. N2f3 h6 11. h3 a6 12. O-O Qd7 13. Re1 Ne5 14.
Nxe5 Bxe5 15. Nf3 Bc7 16. Bc5 Re8 17. Bd3 b6 18. Bd4 Ne4 19. Qb3 Qd6 20. Rad1 Bb7 21. Bxe4 dxe4 22. Be5 Qc5 23. Bxc7 Qxc7 24. Nd4 e3 25. f3 Rad8 26. Qc2 Qg3 27. Nf5 Qg5 28. Rxd8 Rxd8 29. Rxe3 g6 30. h4 Qf4 31. Ne7+ Kg7 32.
Qf2 Rd1+ 33. Re1 Rd2 34. Qe3 1-0

[Event "Early-Titled-Tuesday-Blitz-March-19-2024"]
[Site "Chess.com"]
[Date "2024.03.19"]
[Round "9"]
[White "mishanick"]
[Black "AryanTari"]
[Result "1-0"]
[WhiteElo "3132"]
[BlackElo "3014"]
[TimeControl "180+1"]
[EndTime "9:45:06 PDT"]
[Termination "mishanick won on time"]

1. d4 d5 2. c4 e6 3. Nc3 c5 4.
dxc5 d4 5. Na4 Nc6 6. Nf3 e5 7. e3 Nf6 8. exd4 exd4 9. Be2 Bxc5 10.
Nxc5 Qa5+ 11. Bd2 Qxc5 12. O-O O-O 13. Qb3 Bf5 14. Qb5 Ne4 15. Qxc5 Nxc5 16. Rfd1 Bc2 17. Rdc1 Rfe8 18. Bf1 Bd3 19. b4 Bxf1 20. Kxf1 Nd3 21.
Rcb1 Nce5 22. Rb3 Rac8 23. c5 b6 24. cxb6 axb6 25. Nxd4 Rc4 26. Nf3 Rc2 27. Be3 Nxf3 28. gxf3 Ne5 29. Bxb6 Nc4 30. Be3 f5 31. a4 f4 32. Bxf4 Ree2 33. Bg3 Re6 34. Rd3 Rb2 35. b5 Nd2+ 36. Kg2 Nb3 37. Ra3 Nc5 38. Rd8+ Kf7 39.
Rd5 1-0

[Event "Early-Titled-Tuesday-Blitz-March-19-2024"]
[Site "Chess.com"]
[Date "2024.03.19"]
[Round "9"]
[White "only_strong_moves"]
[Black "stollenmonster"]
[Result "0-1"]
[WhiteElo "2634"]
[BlackElo "2892"]
[TimeControl "180+1"]
[EndTime "9:45:06 PDT"]
[Termination "stollenmonster won by checkmate"]

1. Nc3 c5 2. Nf3 Nc6 3. d4 cxd4 4. Nxd4 g6 5. h4 Bg7 6. Nb3 h6 7. Be3 Nf6 8. f3 d5 9. Bf2 e5 10. e3 Be6 11. Qd2 Qe7 12. g4 d4 13. Na4 Rc8 14.
Nac5 O-O 15. Nxe6 Qxe6 16. g5 hxg5 17. hxg5 Nd5 18. Bh3 Qe7 19. Bxc8 Rxc8 20. e4 Nf4 21. Bg3 Nb4 22. c3 dxc3 23. bxc3 Nbd3+ 24. Kf1 Qxg5 25. Bh4 Qh5 26. Rh2 g5 27. Be1 Qxf3+ 28. Kg1 Qxe4 29.
Bg3 Qf3 30. Bxf4 Nxf4 31. Rf1 Qg4+ 32. Kh1 Bf6 33. Qf2 Rxc3 34. Rg1 Qf5 35. Nc5 b6 36. Nb3 Qe4+ 37. Rhg2 Rh3# 0-1

[Event "Early-Titled-Tuesday-Blitz-March-19-2024"]
[Site "Chess.com"]
[Date "2024.03.19"]
[Round "9"]
[White "Lennis93"]
[Black "Shahdad2007"]
[Result "1-0"]
[WhiteElo "2759"]
[BlackElo "2604"]
[TimeControl "180+1"]
[EndTime "9:45:06 PDT"]
[Termination "Lennis93 won by resignation"]

1. b4 Nf6 2. Bb2 d5 3. Nf3 g6 4. Bxf6 exf6 5. d4 Bg7 6. c3 O-O 7. e3 f5 8. g3 a5 9. b5 Nd7 10.
a4 Nb6 11. Nbd2 Re8 12. Be2 Bd7 13. h4 c6 14. Qb3 Qc7 15. c4 f4 16. gxf4 dxc4 17.
Nxc4 Be6 18. Nfd2 cxb5 19. Qxb5 Nxc4 20. Nxc4 Bxc4 21. Qxc4 Qd7 22. Qb5 Qe7 23. Rb1 Rac8 24. h5 Qe4 25. Qxb7 Rc1+ 26. Rxc1 Qxb7 27. O-O gxh5 28.
Rc5 h4 29. Rxa5 h3 30. Rg5 h6 31. Rg3 Kf8 32. Bb5 Re6 33. Kh2 Rg6 34. Kxh3 Rxg3+ 35. Kxg3 Qc7 36. Rh1 Ke7 37. Rh5 Kd6 38. Rc5 Qd8 39. Bc4 h5 40. Rd5+ Ke7 41. Rxd8 Kxd8 42. Bxf7 1-0

[Event "Early-Titled-Tuesday-Blitz-March-19-2024"]
[Site "Chess.com"]
[Date "2024.03.19"]
[Round "9"]
[White "UnTucopalaTimba"]
[Black "bennyficial"]
[Result "1-0"]
[WhiteElo "2006"]
[BlackElo "2102"]
[TimeControl "180+1"]
[EndTime "9:45:07 PDT"]
[Termination "UnTucopalaTimba won on time"]

1. e4 c5 2. Nf3 g6 3. c3 Bg7 4.
d4 cxd4 5. cxd4 d6 6. Nc3 Bg4 7. Be2 Nd7 8. O-O Ngf6 9. h3 Bxf3 10. Bxf3 O-O 11. Qd3 a6 12. a4 b6 13. Be3 e5 14.
Rfd1 Qe8 15. Qc4 Qb8 16. Qb3 exd4 17. Bxd4 Nc5 18. Qc2 Ra7 19. b4 Ne6 20. Be3 a5 21. b5 Rc8 22. Qd2 Ne8 23. Rac1 Nc5 24. Qa2 Qb7 25.
Nd5 Be5 26. g3 Qb8 27. Bg4 Rd8 28. Kg2 Nf6 29. Bf3 Nxd5 30. Qxd5 Re7 31. Qc4 Qc8 32.
Bg5 Rde8 33. Bxe7 Rxe7 34. Rd5 Kg7 35. Bg4 Qe8 36. Bf3 Re6 37. Rcd1 1-0

[Event "Early-Titled-Tuesday-Blitz-March-19-2024"]
[Site "Chess.com"]
[Date "2024.03.19"]
[Round "9"]
[White "Mops_2004"]
[Black "DrCeltic"]
[Result "1-0"]
[WhiteElo "2747"]
[BlackElo "2591"]
[TimeControl "180+1"]
[EndTime "9:45:08 PDT"]
[Termination "Mops_2004 won on time"]

1. e4 c5 2. Nf3 e6 3. c4 Nc6 4. d4 cxd4 5. Nxd4 Nxd4 6. Qxd4 Ne7 7. Be3 Nc6 8. Qd2 Bb4 9. Nc3 Qf6 10. Rc1 O-O 11. a3 Bxc3 12. Rxc3 e5 13. Rd3 Qg6 14.
f3 b6 15. b4 Bb7 16. Rd6 Qh5 17. h4 f5 18. exf5 Qxf5 19. Bd3 Qf7 20. Rxd7 Qf6 21. Rxb7 Rad8 22. Qc2 Nd4 23. Bxd4 Rxd4 24. Bxh7+ Kh8 25. Be4 Rfd8 26. O-O Rd2 27. Qc1 Qxh4 28. Qe1 Qg5 29. f4 exf4 30. Bf3 a5 31. Re7 Qg6 32. Qh4+ Kg8 33. Qh5 Rxg2+ 34. Kh1 Rdd2 35. Bd5+ Rxd5 36. Qxg6 Rxg6 37. cxd5 1-0

[Event "Early-Titled-Tuesday-Blitz-March-19-2024"]
[Site "Chess.com"]
[Date "2024.03.19"]
[Round "9"]
[White "dropstoneDP"]
[Black "BilodeauA"]
[Result "0-1"]
[WhiteElo "2994"]
[BlackElo "3065"]
[TimeControl "180+1"]
[EndTime "9:45:09 PDT"]
[Termination "BilodeauA won on time"]

1. e4 e5 2. Nf3 Nc6 3. Nc3 d6 4. Bc4 Na5 5. Be2 c5 6. Nd5 Nf6 7. c3 Nc6 8. Bc4 Be7 9. d3 O-O 10. O-O a6 11. a4 Be6 12. Nxf6+ Bxf6 13. Bxe6 fxe6 14. Be3 Rc8 15. b4 cxb4 16. cxb4 Nxb4 17. Qb3 Nc2 18. Qxe6+ Kh8 19. Rab1 Nxe3 20. fxe3 Qc7 21.
h3 Qc5 22. Rfe1 b5 23. axb5 axb5 24. Qd5 b4 25. Kh2 h6 26. d4 exd4 27. Qxc5 dxc5 28. exd4 cxd4 29. Rxb4 Rc2 30. Kg3 d3 31. e5 Be7 32.
Rd4 Bc5 33. Rxd3 Bf2+ 34. Kh2 Rxf3 35. Rxf3 Bxe1 36. e6 Bb4 37. Re3 Bd6+ 38. Kg1 Bc5 39. e7 Bxe3+ 0-1

[Event "Early-Titled-Tuesday-Blitz-March-19-2024"]
[Site "Chess.com"]
[Date "2024.03.19"]
[Round "9"]
[White "Igor_Lysyj"]
[Black "PLAYER_2006_M"]
[Result "1-0"]
[WhiteElo "2833"]
[BlackElo "2933"]
[TimeControl "180+1"]
[EndTime "9:45:09 PDT"]
[Termination "Igor_Lysyj won on time"]

1. d4 e6 2. c4 b6 3. a3 Bb7 4. Nc3 Nf6 5. Nf3 d5 6. Bf4 dxc4 7. e3 Nd5 8. Bxc4 Nxf4 9. exf4 Bd6 10. O-O O-O 11.
d5 exd5 12. Bxd5 c6 13. Be4 Bxf4 14. Qc2 g6 15. Rad1 Qf6 16. g3 Bh6 17. Nb5 Ba6 18.
a4 cxb5 19. Bxa8 bxa4 20. Rfe1 Bb5 21. Ne5 Na6 22. Bd5 Nc5 23. Ng4 Qg5 24. Nxh6+ Qxh6 25. Re7 a6 26. Qc3 Nd7 27. Ba2 Nc5 28. Qf6 Nb3 29.
Qxb6 Qg7 30. Bxb3 axb3 31. Qd4 Qh6 32. Qf6 Qh5 33. Rd8 Bc4 34. Rxf8+ Kxf8 35. Rd7 1-0

[Event "Early-Titled-Tuesday-Blitz-March-19-2024"]
[Site "Chess.com"]
[Date "2024.03.19"]
[Round "9"]
[White "UNSTOPPABLE_LEGEND"]
[Black "BilicVladimir"]
[Result "1-0"]
[WhiteElo "2519"]
[BlackElo "2675"]
[TimeControl "180+1"]
[EndTime "9:45:09 PDT"]
[Termination "UNSTOPPABLE_LEGEND won by resignation"]

1. d4 c6 2. Bf4 d5 3. e3 Qb6 4.
Qc1 Bf5 5. Nf3 e6 6. Bd3 Bxd3 7. cxd3 c5 8. dxc5 Bxc5 9. Nc3 Bd6 10. Bxd6 Qxd6 11. O-O Nc6 12. Nb5 Qd7 13. Qc5 Nge7 14. Nd6+ Kf8 15. Nb5 a6 16. Nbd4 Rc8 17. Rac1 Nxd4 18.
Qxd4 Nc6 19. Qf4 f6 20. e4 e5 21. Qg3 d4 22. Nh4 g6 23. f4 Kg8 24. fxe5 fxe5 25.
Nxg6 hxg6 26. Qxg6+ Qg7 27. Qe6+ Kh7 28. Rf7 Rc7 29.
Rxg7+ Rxg7 30. Rf1 Rhg8 31. g3 Rg6 32. Rf7+ R8g7 33. Rxg7+ Rxg7 34. Kf2 Rg6 35. Qc8 Rg7 36. Ke2 Rf7 37. a3 Kg7 38. h4 a5 39. h5 Kh6 40.
Qe6+ Kg7 41. h6+ Kf8 42. Qc8+ Ke7 43. h7 Rxh7 44. Qxb7+ Kf6 45. Qxh7 Ne7 46. Qh6+ Ng6 47. g4 a4 48. g5+ Kf7 49. Qh7+ Kf8 50. Qxg6 1-0

[Event "Early-Titled-Tuesday-Blitz-March-19-2024"]
[Site "Chess.com"]
[Date "2024.03.19"]
[Round "9"]
[White "Revan_2002"]
[Black "Mikhail_Golubev"]
[Result "0-1"]
[WhiteElo "2585"]
[BlackElo "2731"]
[TimeControl "180+1"]
[EndTime "9:45:10 PDT"]
[Termination "Mikhail_Golubev won on time"]

1. Nf3 d6 2. d4 Nf6 3. c4 g6 4. g3 Bg7 5. Bg2 O-O 6. Nc3 Nbd7 7.
O-O e5 8. e4 c6 9. h3 exd4 10.
Nxd4 Qb6 11. Nde2 a5 12. Rb1 Ne5 13. Be3 Qc7 14. b3 Re8 15. f4 Ned7 16. Qd2 b6 17. Rbd1 Bf8 18. g4 Nc5 19. Ng3 h6 20. Bd4 Nfd7 21.
Kh1 Bb7 22. Qf2 Rad8 23. Rd2 Ne6 24. Be3 Bg7 25. Nce2 Nec5 26. e5 dxe5 27. f5 Nf6 28.
Rxd8 Qxd8 29. g5 Nd3 30. Qg1 hxg5 31. Bxg5 e4 32. fxg6 fxg6 33. Nxe4 c5 34. Nxf6+ Bxf6 35. Bxf6 Qd7 36. Nf4 Nxf4 0-1

[Event "Early-Titled-Tuesday-Blitz-March-19-2024"]
[Site "Chess.com"]
[Date "2024.03.19"]
[Round "9"]
[White "Akylbek2021"]
[Black "Slovineanu"]
[Result "0-1"]
[WhiteElo "2323"]
[BlackElo "2496"]
[TimeControl "180+1"]
[EndTime "9:45:11 PDT"]
[Termination "Slovineanu won by resignation"]

1. f4 d5 2. Nf3 Nf6 3. g3 Bg4 4. Bg2 Nbd7 5. O-O c6 6. d3 Bxf3 7. Bxf3 e5 8. fxe5 Nxe5 9. Bg2 h5 10. Bg5 Be7 11. h3 h4 12. Bxh4 Ng6 13. Bg5 Qb6+ 14. e3 Nh5 15. Bxe7 Qxe3+ 16. Rf2 Nxe7 17. Qf3 Qe1+ 18.
Rf1 Qxg3 19. Qxf7+ Kd7 20. Nd2 Raf8 21. Qxf8 Rxf8 22. Rxf8 Nf4 23. Rxf4 Qxf4 24. Nf3 Nf5 25. Re1 Ne3 26. c3 c5 27. Kf2 d4 28. cxd4 cxd4 29.
b4 g5 30. a3 g4 31. hxg4 Nxg4+ 32. Kg1 Qg3 33. Re2 Ne3 34. Ne1 Nxg2 35. Nxg2 Qxd3 36.
Nf4 Qg3+ 37. Ng2 Kd6 38. Kf1 Kd5 39. Rd2 Kc4 40. Ke2 Qxg2+ 0-1

[Event "Early-Titled-Tuesday-Blitz-March-19-2024"]
[Site "Chess.com"]
[Date "2024.03.19"]
[Round "9"]
[White "Let_it_be_1"]
[Black "Happy1712Drummer"]
[Result "1-0"]
[WhiteElo "2605"]
[BlackElo "2459"]
[TimeControl "180+1"]
[EndTime "9:45:15 PDT"]
[Termination "Let_it_be_1 won on time"]

1. e4 c5 2. Nf3 e6 3. d4 cxd4 4. Nxd4 Nf6 5. Nc3 Nc6 6. Ndb5 Bc5 7. Nd6+ Ke7 8. Bf4 e5 9. Nf5+ Kf8 10. Bg5 d6 11.
Bxf6 Qxf6 12. Nd5 Qg6 13. Qf3 h5 14. c3 Qg4 15. Be2 Qxf3 16. Bxf3 g6 17. Nfe3 Be6 18.
b4 Bxe3 19. Nxe3 Rc8 20. O-O Kg7 21. Rfd1 Rhd8 22. a4 Ne7 23. Rd3 Bc4 24. Rd2 Bb3 25.
Bd1 Rxc3 26. Ra3 Bxd1 27. Rxc3 Bxa4 28. Rc7 Nc8 29. Nd5 Bc6 30. Nc3 a6 31. f3 Nb6 32.
Nd5 Na8 33. Rxc6 bxc6 34. Ne7 Nb6 35. Nxc6 Rd7 36. Kf2 Kf6 37. Ra2 Rc7 38. Nd8 Ke7 39.
Rxa6 1-0

[Event "Early-Titled-Tuesday-Blitz-March-19-2024"]
[Site "Chess.com"]
[Date "2024.03.19"]
[Round "9"]
[White "DavidGavrilescu18"]
[Black "KuzubovYuriy"]
[Result "0-1"]
[WhiteElo "2783"]
[BlackElo "2919"]
[TimeControl "180+1"]
[EndTime "9:45:16 PDT"]
[Termination "KuzubovYuriy won by resignation"]

1. e4 e6 2. d4 d5 3. e5 c5 4. c3 Nc6 5. Nf3 Qb6 6. Be2 Bd7 7. O-O Rc8 8. Na3 cxd4 9. cxd4 Nh6 10. Nc2 Nf5 11.
Kh1 Nb4 12. Nxb4 Qxb4 13. g4 Ne7 14. a3 Qb6 15. Bd2 h5 16. gxh5 Nf5 17. Bc3 Rxh5 18. Rg1 Bb5 19. Bxb5+ Qxb5 20. Ne1 Rh4 21. Nf3 Rh8 22.
Rc1 Be7 23. Bb4 Rc6 24. Rxc6 Qxc6 25. Bxe7 Kxe7 26. Qd2 Rc8 27. Nh4 Nxh4 28. Qg5+ Kd7 29. Qxh4 g6 30. Qf4 Ke8 31. Qh6 Qc2 32. Qh8+ Kd7 33.
Qf6 Qf5 34. Qxf5 exf5 35. Kg2 Rc2 36. b4 Rd2 37. Rc1 Rxd4 38. Kg3 Rg4+ 39. Kf3 Re4 40. h4 b6 41. h5 gxh5 42. Rg1 h4 43. Rg5 Ke6 44.
Rh5 Kxe5 45. Rh7 a5 46. bxa5 bxa5 47. Rxf7 Ra4 48. Re7+ Kf6 49. Rh7 Rxa3+ 50. Ke2 Ra4 51. Ke3 Ke5 52. f4+ Rxf4 53. Re7+ Kf6 0-1

[Event "Early-Titled-Tuesday-Blitz-March-19-2024"]
[Site "Chess.com"]
[Date "2024.03.19"]
[Round "9"]
[White "yosephtaher"]
[Black "Zhigalko_Sergei"]
[Result "0-1"]
[WhiteElo "2952"]
[BlackElo "2870"]
[TimeControl "180+1"]
[EndTime "9:45:17 PDT"]
[Termination "Zhigalko_Sergei won by resignation"]

1. c4 e5 2. Nc3 Nf6 3. g3 c6 4. Nf3 d6 5. Bg2 Be7 6. d3 O-O 7. O-O h6 8. Rb1 Be6 9. b4 Nbd7 10. b5 d5 11. bxc6 bxc6 12. Qa4 Nc5 13. Qd1 Ncd7 14. Qa4 Nc5 15. Qc2 Ncd7 16. Rd1 Qa5 17. Bd2 Qa6 18.
cxd5 cxd5 19. Nb5 Rfc8 20. Qb3 d4 21. Qb2 Rab8 22. Nc7 Rxc7 23. Qxb8+ Nxb8 24. Rxb8+ Rc8 25. Rb2 Ba3 26. Rbb1 Nd7 27. e3 Bxa2 28. Ra1 Bb2 29. exd4 exd4 30. Bh3 Rd8 31. Bb4 Bxa1 32. Rxa1 Qxd3 33.
Ne1 Qc4 34. Ba5 Nb6 35. Bf1 Qe6 36. Nd3 Bc4 37. Nf4 Qc6 38. Bg2 Qb5 39. Bd2 a6 40. Ba5 Re8 41. h4 Nd5 42. Nh3 Nc3 43. Nf4 Ne2+ 44. Nxe2 Bxe2 45. Bd2 Qb2 46. Ra2 Qxa2 0-1

[Event "Early-Titled-Tuesday-Blitz-March-19-2024"]
[Site "Chess.com"]
[Date "2024.03.19"]
[Round "9"]
[White "djano"]
[Black "KNVB"]
[Result "0-1"]
[WhiteElo "2628"]
[BlackElo "2821"]
[TimeControl "180+1"]
[EndTime "9:45:18 PDT"]
[Termination "KNVB won on time"]

1. e4 b6 2. d4 Bb7 3. Bd3 e6 4. f4 d5 5. e5 Ba6 6. Nf3 Bxd3 7. Qxd3 Qd7 8. O-O h5 9. Nc3 Nc6 10. Nd1 Nh6 11. Ne3 Nf5 12. c3 Be7 13. Bd2 g6 14. Rae1 Nd8 15. h3 Ng3 16. Rf2 h4 17. Ng4 c5 18. Ng5 Nc6 19. Rf3 cxd4 20. cxd4 Nxd4 21.
Rf2 Ngf5 22. b4 Qb5 23. Qb1 Rc8 24. Kh2 Kf8 25. Nf6 Kg7 26. Ng4 Qc4 27. Bc1 Nc2 28. Ree2 Nxb4 29. Bb2 Nd3 30. Rc2 Qb5 31. a4 Qa6 32.
Rfd2 Rxc2 33. Qxc2 Nxb2 34. Qxb2 Qxa4 35. Rf2 Rc8 36. Nf6 Rc4 37. Nxd5 exd5 38. e6+ Bf6 39. Qe2 Rxf4 40. exf7 Rxf2 0-1